 Dungeon Sprint DCSS version 0.27.1-33-g824d729ab1 (webtiles) character file.

Game seed: 9308486939322584751

434 manyhoops the Unseen (level 6, -1/28 HPs)
             Began as a Spriggan Enchanter on Dec 1, 2021.
             Was an Initiate of the Shining One.
             Slain by Sonja (4 damage)
             ... in the Dungeon (Sprint I: "Red Sonja").
             The game lasted 00:03:07 (374 turns).

manyhoops the Unseen (Spriggan Enchanter)            Turns: 374, Time: 00:03:08

Health: -1/28      AC:  2    Str:  4    XL:     6   Next: 68%
Magic:  5/11       EV: 17    Int: 16    God:    the Shining One [......]
Gold:   206        SH:  0    Dex: 18    Spells: 1/10 levels left

rFire    . . .     SeeInvis +   i - +1 dagger (flame)
rCold    . . .     Faith    .   (shield restricted)
rNeg     . . .     Spirit   .   b - +0 robe
rPois    .         Reflect  .   (helmet restricted)
rElec    .         Harm     .   (no cloak)
rCorr    .         Rampage  .   (gloves unavailable)
Will     +....     NoTele   +   (boots unavailable)
Stlth    +++.......             (no amulet)
HPRegen  0.09/turn              (no ring)
MPRegen  0.12/turn              (no ring)

@: glowing, very quick
A: very small, no large weapons, unfitting armour, see invisible, speed 3
a: Renounce Religion


You were in the Dungeon.
You worshipped the Shining One.
The Shining One was noncommittal.
You visited 1 branch You collected 297 gold pieces.
You spent 91 gold pieces at shops.

Inventory:

Hand Weapons
 a - a +1 dagger
 i - a +1 dagger of flaming (weapon)
Armour
 b - a +0 robe (worn)
Potions
 e - a potion of haste
 f - 2 potions of magic
 j - a potion of might
 k - a potion of flight
 m - a potion of attraction


   Skills:
 - Level 1.1 Short Blades
 - Level 2.6 Dodging
 + Level 20.2 Stealth
 - Level 2.6 Spellcasting
 - Level 3.6 Hexes


You had one spell level left.
You knew the following spells:

 Your Spells              Type           Power      Damage    Failure   Level
a - Corona                Hex            14%        N/A       4%          1
b - Ensorcelled Hibernat  Hex/Ice        14%        N/A       14%         2
c - Confusing Touch       Hex            13%        N/A       13%         3
d - Tukima's Dance        Hex            13%        N/A       13%         3

Your spell library contained the following spells:

 Spells                   Type           Power      Damage    Failure   Level
 Dazzling Flash           Conj/Hex       14%        N/A       28%         3


Dungeon Overview and Level Annotations

Branches:
Dungeon (1/1)

Altars:
Cheibriados
Dithmenos
Elyvilon
Fedhas
Gozag
Hepliaklqana
Kikubaaqudgha
Nemelex Xobeh
Okawaru
Qazlal
Ru
Sif Muna
Trog
Uskayaw
Vehumet
Wu Jian
Yredelemnul
Zin
The Shining One

Shops:
D *

Annotations:
D Sonja


Innate Abilities, Weirdness & Mutations

You are very small and have problems with some larger weapons.
You are too small for most types of armour.
You have supernaturally acute eyesight. (SInv)
You cover ground extremely quickly. (Speed+++)


Message History

Sonja zaps a wand.
The mass of ice explodes!
The iceblast engulfs you!! The Shining One protects you from harm!
There is an open door here.
Casting: Ensorcelled Hibernation (safe; 14% risk of failure)
Confirm with . or Enter, or press ? or * to list all spells.
Aiming: Ensorcelled Hibernation (safe; 14% risk of failure)
Press: ? - help, Shift-Dir - straight line, f - you
Okay, then.
There is an open door here.
You close the door.
Something unseen opens the door.
There is an open door here.
You close the door.
Sonja opens the door.
Sonja zaps a wand.
The mass of ice explodes!
The iceblast engulfs you!
* * * LOW HITPOINT WARNING * * *
There is an open door here.
You close the door.
You see here a +0 leather armour.
There is an open door here.
Sonja opens the door.
You close the door.
You aren't carrying any scrolls.
Something unseen opens the door.
Sonja casts a spell.
Sonja blinks!
Casting: Ensorcelled Hibernation (safe; 14% risk of failure)
Confirm with . or Enter, or press ? or * to list all spells.
Aiming: Ensorcelled Hibernation (safe; 14% risk of failure)
Press: ? - help, Shift-Dir - straight line, f - Sonja
Aim: Sonja, wielding a +4 short sword of distortion, quivering curare-tipped darts and carrying a wand of iceblast (3) (lightly wounded, chance to affect: 48%) Sonja resists with some effort.
Casting: Ensorcelled Hibernation (safe; 14% risk of failure)
Confirm with . or Enter, or press ? or * to list all spells.
Aiming: Ensorcelled Hibernation (safe; 14% risk of failure)
Press: ? - help, Shift-Dir - straight line, f/p - Sonja
Aim: Sonja, wielding a +4 short sword of distortion, quivering curare-tipped darts and carrying a wand of iceblast (3) (lightly wounded, chance to affect: 48%) Sonja resists with some effort.
Sonja misses you. Sonja barely misses you.
Sonja hits you with a +4 short sword of distortion.
You die...

################
#<.#..'K.#.)'..#
#..§[.#.)'K.#..+
#..#####'#####'#
#..####..#...#.#
#.@#__####..##K#
#.K#_____##'#_.+
#⌠⌠#_.∩...'..._#
####_..__##_!#+#
#_____###'#
#########.##
+$§$+ #$.$#
##.##


You could see Sonja.

Vanquished Creatures
  Sigmund (D)
  A yak (D)
  An ogre (D)
  A jelly (D)
  Ijyb (D)
5 creatures vanquished.

Notes
Turn   | Place    | Note
-------+----------+-------------------------------------------
     0 | D        | manyhoops the Spriggan Enchanter began the quest for the
                  | Orb.
     0 | D        | Reached XP level 1. HP: 9/9 MP: 5/5
     1 | D        | Noticed Ijyb
    12 | D        | Killed Ijyb
    13 | D        | Reached skill level 10 in Stealth
    13 | D        | Reached XP level 2. HP: 4/13 MP: 6/6
   244 | D        | Noticed an ogre
   247 | D        | Killed an ogre
   248 | D        | Reached skill level 14 in Stealth
   248 | D        | Reached XP level 3. HP: 16/16 MP: 8/8
   248 | D        | Reached XP level 4. HP: 21/21 MP: 9/9
   257 | D        | Noticed Sigmund
   260 | D        | Killed Sigmund
   261 | D        | Reached skill level 17 in Stealth
   261 | D        | Reached XP level 5. HP: 24/24 MP: 10/10
   273 | D        | Found an ornate altar of the Wu Jian Council.
   273 | D        | Found a shimmering blue altar of Sif Muna.
   275 | D        | Found a radiant altar of Vehumet.
   280 | D        | Reached skill level 18 in Stealth
   280 | D        | Reached XP level 6. HP: 28/28 MP: 11/11
   283 | D        | Learned a level 2 spell: Ensorcelled Hibernation
   287 | D        | Learned a level 3 spell: Confusing Touch
   291 | D        | Learned a level 3 spell: Tukima's Dance
   305 | D        | Found Modghut's General Store.
   305 | D        | Found an ancient bone altar of Kikubaaqudgha.
   305 | D        | Found a hazy altar of Hepliaklqana.
   305 | D        | Found a hide-covered altar of Uskayaw.
   305 | D        | Found a basalt altar of Yredelemnul.
   305 | D        | Found an opulent altar of Gozag.
   305 | D        | Found a snail-covered altar of Cheibriados.
   305 | D        | Found a sacrificial altar of Ru.
   305 | D        | Found a shadowy altar of Dithmenos.
   305 | D        | Noticed a yak
   306 | D        | Found a stormy altar of Qazlal.
   306 | D        | Found a blossoming altar of Fedhas.
   306 | D        | Found a bloodstained altar of Trog.
   306 | D        | Found an iron altar of Okawaru.
   306 | D        | Found a glowing golden altar of the Shining One.
   306 | D        | Found a glowing silver altar of Zin.
   306 | D        | Found a white marble altar of Elyvilon.
   307 | D        | Killed a yak
   308 | D        | Reached skill level 20 in Stealth
   308 | D        | Found a sparkling altar of Nemelex Xobeh.
   318 | D        | Became a worshipper of the Shining One
   321 | D        | Bought a potion of flight for 39 gold pieces
   321 | D        | Bought a scroll of identify for 26 gold pieces
   321 | D        | Bought a scroll of identify for 26 gold pieces
   340 | D        | Noticed Sonja
   343 | D        | HP: 1/28 [Sonja (4)]
   349 | D        | The Shining One protects you from harm!
   374 | D        | Slain by Sonja

Illustrated notes

Levels and vault maps discovered:
D:        dungeon_sprint_1 [red_sonja_temple_1, red_sonja_temple_small_1]

Skill      XL: |  1  2  3  4  5  6 |
---------------+-------------------+-----
Stealth        | 10 14 17 18 20 | 20.2
Short Blades   | |  1.1
Dodging        | |  2.6
Spellcasting   | |  2.6
Hexes          | |  3.6

Action                   |  1- 3 |  4- 6 || total
-------------------------+-------+-------++-------
Melee: Dagger            |    10 |     4 ||    14
 Cast: Ensorcelled Hiber |       |     4 ||     4
  Use: Potion            |     1 |     2 ||     3
       Scroll            |       |     4 ||     4
 Stab: Sleeping          |     1 |     3 ||     4
Dodge: Dodged            |     3 |     7 ||    10
